 Dungeon Crawl Stone Soup version 0.31-a0-876-gfe8ebadbca (webtiles) character file.

Game seed: 11539106985151942333

6 Xavori the Cutter (level 1, 0/16 HPs)
             Began as an Octopode Chaos Knight on Oct 13, 2023.
             Was a Plaything of Xom.
             Slain by a quokka (4 damage)
             ... on level 1 of the Dungeon.
             The game lasted 00:00:15 (245 turns).

Xavori the Cutter (Octopode Chaos Knight)            Turns: 245, Time: 00:00:16

Health: 0/16       AC:  1    Str: 11    XL:     1   Next: 90%
Magic:  1/1        EV: 13    Int: 14    God:    Xom [..*...]
Gold:   17         SH:  0    Dex: 11    Spells: 0/0 levels left

rFire   . . .        a - +0 short sword (chaos)
rCold   . . .        (no shield)
rNeg    . . .        (helmet restricted)
rPois   .            (no amulet)
rElec   .            (no ring)
rCorr   .            (no ring)
SInv    .            (no ring)
Will    .....        (no ring)
Stlth   ++           (no ring)
HPRegen 0.22/turn    (no ring)
MPRegen 0.07/turn    (no ring)
                     (no ring)

%: no passive effects
@: no status effects
A: almost no armour, amphibious, 8 rings, camouflage 1, gelatinous body 1,
(nimble swimmer 1), tentacles
a: Renounce Religion


You were on level 1 of the Dungeon.
You worshipped Xom.
You were a toy of Xom.
You visited 1 branch of the dungeon, and saw 1 of its levels.

You collected 17 gold pieces.

Inventory:

Hand Weapons
 a - a +0 short sword of chaos (weapon)
Scrolls
 b - a scroll of butterflies
 c - a scroll of teleportation {unknown}


   Skills:
 + Level 3.1 Fighting
 + Level 3.2 Short Blades
 + Level 2.4 Dodging
 + Level 0.1 Stealth


You couldn't memorise any spells.
You didn't know any spells.
Your spell library was empty.

Dungeon Overview and Level Annotations

Branches:
Dungeon (1/15)

Altars:


Innate Abilities, Weirdness & Mutations

You cannot wear most types of armour.
You are amphibious.
You can wear up to eight rings at the same time.
Your skin changes colour to match your surroundings (Stealth+).
Your rubbery body absorbs attacks. (AC +1, EV +1)
((You are camouflaged when in or above water. (Stealth+)))
You have tentacles for arms and can constrict up to eight enemies at once.


Message History

Your grab misses the ball python. The ball python bites you.
The ball python closely misses you.
There are monsters nearby!
You closely miss the ball python. You grab the ball python.
You squeeze the ball python.
The ball python is moderately wounded.
You constrict the ball python. The ball python bites you.
The ball python barely misses you.
There are monsters nearby!
You hit the ball python.
You feel better.
You kill the ball python!
There are monsters nearby!
A giant cockroach comes into view.
The goblin hits you with a +0 club.
You see here a ball python corpse.
There are monsters nearby!
You hit the goblin.
The goblin seems to speed up.
Your grab misses the goblin.
The goblin is severely wounded.
The goblin misses you. The goblin closely misses you.
You hit the goblin. You burn the goblin.
You kill the goblin!
The quokka barely misses you.
There are monsters nearby!
There are monsters nearby!
You barely miss the quokka. Your grab misses the quokka. The quokka bites you.
There are monsters nearby!
You are too injured to fight recklessly!
There are monsters nearby!
You are too injured to fight recklessly!
You are too injured to fight recklessly!
There are monsters nearby!
You are too injured to fight recklessly!
There are monsters nearby!
Unknown command.
You closely miss the giant cockroach. Your grab misses the giant cockroach.
The quokka barely misses you. The giant cockroach bites you.
* * * LOW HITPOINT WARNING * * *
You completely miss the quokka. Your grab misses the quokka.
Your squeeze misses the quokka. The quokka bites you.
You die...

### ###########.#
#...........#
#.#########.# #.# #.#
####'#########.###
#.............(..#
#..........#####.#
#...@......#...#.####
....###Br.###.+.⌠.'.....
.... ..### #...#.....
... ...+ #####..... ..
....# .......... ......
....+..... ..#....
###.#..... ........
...+..... #.#.#.....


You could see a quokka and a giant cockroach.

Vanquished Creatures
  A bat (D:1)
  A goblin (D:1)
  A quokka (D:1)
  2 ball pythons (D:1)
5 creatures vanquished.

Notes
Turn   | Place    | Note
-------+----------+-------------------------------------------
     0 | D:1      | Xavori the Octopode Chaos Knight began the quest for the
                  | Orb.
     0 | D:1      | Reached XP level 1. HP: 16/16 MP: 1/1
   245 | D:1      | Slain by a quokka

Illustrated notes

Levels and vault maps discovered:
D:1:      amcnicky_arrival_double_pillar, layout_basic, minmay_misc_feat_room,
          minmay_heptomino_d4

Action                     || total
---------------------------++-------
  Melee: Short sword       ||    13
         Constrict         ||     3
         Tentacles         ||     1
   Stab: Sleeping          ||     2
 Armour: Skin              ||     8
  Dodge: Dodged            ||    10

Table legend: (Time is in decaauts)
 A = Elapsed time spent in this place.
 B = Non-inter-level travel time spent in this place.
 C = Inter-level travel time spent in this place.
 D = Time resting spent in this place.
 E = Time spent auto-exploring this place.
 F = Levels seen in this place.
 G = Mean time per level.
                   A        B        C        D        E       F      G
               +--------+--------+--------+--------+--------+-----+--------+
         Total |    243 |    243 |      0 |      0 |    208 |   1 |  243.0 |
       Dungeon |    243 |    243 |      0 |      0 |    208 |   1 |  243.0 |
               +--------+--------+--------+--------+--------+-----+--------+

Top non-repeatable levels by time:
     D:1: 243 daAuts
